 Dungeon Crawl Stone Soup version 0.31-a0-408-gb642c7f9a3 (webtiles) character file.

Game seed: 13954510016373334123

208 CraigForest the Ruffian (level 5, -4/35 (40) HPs)
             Began as a Draconian Shapeshifter on July 29, 2023.
             Was an Initiate of Hepliaklqana.
             Slain by Edmund
             ... wielding a +5 dire flail of draining
              (6 damage)
             ... on level 4 of the Dungeon.
             The game lasted 00:11:23 (2542 turns).

CraigForest the Ruffian (Draconian Shapeshifter)    Turns: 2542, Time: 00:11:24

HP:   -4/35 (40)    AC:  5    Str: 19    XL:     5   Next: 55%
MP:   5/5           EV: 17    Int:  8    God:    Hepliaklqana [......]
Gold: 204           SH:  0    Dex: 12    Spells: 4/4 levels left

rFire   . .          .
                       - Unarmed
rCold   . . .        (no shield)
rNeg    . . .        (body armour unavailable)
rPois   .            (helmet currently unavailable)
rElec   .            (cloak currently unavailable)
rCorr   .            (gloves currently unavailable)
SInv    .            (boots currently unavailable)
Will    .....        (no amulet)
Stlth   +            u - +5 ring of evasion
HPRegen 0.25/turn    (no ring)
MPRegen 0.09/turn

%: no passive effects
@: beast-form, heavily drained
A: beast (slay +2), AC +5, unfitting armour, cold-blooded
a: Begin Untransformation, Renounce Religion


You were on level 4 of the Dungeon.
You worshipped Hepliaklqana.
Hepliaklqana was noncommittal.
You were a hulking beast.
You visited 1 branch of the dungeon, and saw 4 of its levels.

You collected 204 gold pieces.

Inventory:

Hand Weapons
 l - a +2 whip of flaming
Missiles
 d - 11 poisoned darts (quivered)
 n - a throwing net
Armour
 q - a +0 pair of gloves
 r - a +0 pair of boots
Jewellery
 u - a +5 ring of evasion (left hand)
Talismans
 b - a beast talisman
Scrolls
 c - a scroll of enchant armour
 e - a scroll of fog
 g - a scroll of summoning {unknown}
 k - 2 scrolls of teleportation
 m - 2 scrolls of revelation
 p - a scroll of immolation {unknown}
 s - a scroll of poison {unknown}
 t - a scroll of identify {unknown}
Potions
 a - a potion of lignification
 f - a potion of brilliance {unknown}
 h - 2 potions of curing {unknown}
 i - 2 potions of mutation {unknown}
 j - a potion of invisibility {unknown}
 o - a potion of haste {unknown}


   Skills:
 + Level 1.1 Fighting
 + Level 2.3 Dodging
 * Level 5.2 Unarmed Combat
 * Level 3.9 Shapeshifting


You had 4 spell levels left.
You didn't know any spells.
Your spell library contained the following spells:

 Spells                   Type           Power      Damage    Failure   Level
 Poisonous Vapours        Pois/Air       0%         N/A       54%         2
 Mephitic Cloud           Conj/Pois/Air  0%         N/A       78%         3
 Freezing Cloud           Conj/Ice/Air   0%         6-21      100%        5


Dungeon Overview and Level Annotations

Branches:
Dungeon (4/15)
 Temple: D:4-7

Altars:
Hepliaklqana

Annotations:
D:4 Edmund


Innate Abilities, Weirdness & Mutations

You are a hulking beast.
Your limbs bulge with bestial killing power. (Slay +2)
Your plain brown scales are hard. (AC +5)
You cannot fit into any form of body armour.
You are cold-blooded and may be slowed by cold attacks.


Message History

There is an open door here.
m - 2 scrolls of revelation (gained 1) HP restored.
Found 11 gold pieces.
You now have 188 gold pieces (gained 11).
As you open the door, it creaks loudly!
Found 6 stones.
You now have 196 gold pieces (gained 8).
u - a +5 ring of evasion
u - a +5 ring of evasion (left hand)
You open the door.
You now have 204 gold pieces (gained 8).
Edmund the Younger comes into view.
He is wielding a +5 dire flail of draining.
Edmund shouts!
Edmund hits you with a +5 dire flail of draining!
You feel drained.
You barely miss Edmund. Edmund barely misses you.
You hit Edmund. You tail-slap Edmund.
Edmund is lightly wounded.
Edmund hits you with a +5 dire flail of draining.
You feel drained.
You hit Edmund.
Edmund is moderately wounded.
You punch Edmund!
Edmund is moderately wounded.
Edmund hits you but does no damage.
You feel drained.
You barely miss Edmund.
Edmund is moderately wounded.
Edmund hits you with a +5 dire flail of draining!
* * * LOW HITPOINT WARNING * * *
You feel drained.
* * * LOW HITPOINT WARNING * * *
You are too injured to fight recklessly!
You are too injured to fight recklessly!
Okay, then.
Okay, then.
You hit Edmund. You tail-slap Edmund.
Edmund is heavily wounded.
Edmund hits you with a +5 dire flail of draining.
You die...

.+.....#.#.#..+..#
##.....#.#.#..##.#
.......#.#.#..##.#
.......#.#.#..##.#
.........#....##.#
.........#....##.#
.................#
###.############.##
#.# #.h.# #.# #.#@#
..# ... ..# ###
#.### #.# #.# .# ..
## #


You could see Edmund.

Vanquished Creatures
  A phantom (D:4)
  Jessica (D:3)
  4 gnolls (D:3)
  2 adders (D:2)
  2 worms
  2 ball pythons
  6 bats
  4 endoplasms
  4 giant cockroaches
  4 goblins
  5 hobgoblins
  4 quokkas
  3 frilled lizards
  3 kobolds
  7 rats
52 creatures vanquished.

Notes
Turn   | Place    | Note
-------+----------+-------------------------------------------
     0 | D:1      | CraigForest the Draconian Shapeshifter began the quest for
                  | the Orb.
     0 | D:1      | Reached XP level 1. HP: 16/16 MP: 1/1
   156 | D:1      | Reached XP level 2. HP: 23/23 MP: 2/2
   900 | D:2      | Reached XP level 3. HP: 13/28 MP: 3/3
  1077 | D:2      | You fall into a shaft and drop 1 floor!
  1080 | D:3      | Noticed Jessica
  1088 | D:3      | Killed Jessica
  1089 | D:3      | Reached skill level 4 in Unarmed Combat
  1136 | D:3      | Found a faded altar of an unknown god.
  1419 | D:2      | Reached XP level 4. HP: 35/35 MP: 4/4
  1787 | D:3      | Found a hazy altar of Hepliaklqana.
  1792 | D:3      | Became a worshipper of Hepliaklqana the Forgotten
  2393 | D:4      | Noticed a phantom
  2405 | D:4      | Killed a phantom
  2406 | D:4      | Reached skill level 5 in Unarmed Combat
  2406 | D:4      | Reached XP level 5. HP: 33/40 MP: 5/5
  2534 | D:4      | Noticed Edmund
  2542 | D:4      | Slain by Edmund

Illustrated notes

Levels and vault maps discovered:
D:1:      eino_arrival_water_star, layout_basic, serial_curves, eino_curves_04,
          eino_curves_04, lemuel_flame_loot_1
D:2:      layout_basic
D:3:      layout_loops_corners, worldfamousw_hep_ancestral_shrine,
          ebering_ecumenical_altar_petrified, uniq_jessica
D:4:      layout_basic, vehumet_altar_wand_db, serial_co_window_serial,
          co_window_paths_a, co_window_corner_a, co_window_of_opportunity_a,
          co_window_of_opportunity_a, co_window_paths_a, co_window_paths_b,
          co_window_paths_b, co_window_2corner, co_window_broadway_b,
          co_window_broadway_a, co_window_sun, co_window_4corner_b,
          glass_columns_b, glass_columns_a, glass_columns_b, glass_columns_b,
          uniq_edmund

Skill      XL: |  1  2  3  4 |
---------------+-------------+-----
Dodging        | 2 |  2.3
Unarmed Combat | 4 5 |  5.2
Fighting       | |  1.1
Shapeshifting  | |  3.9

Action                     |  1- 3 |  4- 6 || total
---------------------------+-------+-------++-------
  Melee: Unarmed           |    80 |    76 ||   156
         Tailslap          |     8 |    12 ||    20
         Punch             |     3 |     1 ||     4
  Throw: Dart              |     2 |     2 ||     4
    Use: Scroll            |     3 |     1 ||     4
 Armour: Skin              |    19 |    12 ||    31
  Dodge: Dodged            |    51 |    47 ||    98

Table legend: (Time is in decaauts)
 A = Elapsed time spent in this place.
 B = Non-inter-level travel time spent in this place.
 C = Inter-level travel time spent in this place.
 D = Time resting spent in this place.
 E = Time spent auto-exploring this place.
 F = Levels seen in this place.
 G = Mean time per level.
                   A        B        C        D        E       F      G
               +--------+--------+--------+--------+--------+-----+--------+
         Total |   2529 |   2080 |    449 |      0 |   1681 |   4 |  632.2 |
       Dungeon |   2529 |   2080 |    449 |      0 |   1681 |   4 |  632.2 |
               +--------+--------+--------+--------+--------+-----+--------+

Top non-repeatable levels by time:
     D:3: 928 daAuts
     D:2: 846 daAuts
     D:1: 607 daAuts
     D:4: 146 daAuts
